 Dungeon Crawl Stone Soup version 0.31-a0-986-g5e6e4ef867 (webtiles) character file.

Game seed: 7731102385694698001

70 Whiskey the Changeling (level 4, -4/29 HPs)
             Began as an Octopode Shapeshifter on Nov 5, 2023.
             Slain by Ijyb
             ... wielding a +3 club
              (9 damage)
             ... on level 3 of the Dungeon.
             The game lasted 00:02:20 (1541 turns).

Whiskey the Changeling (Octopode Shapeshifter)      Turns: 1541, Time: 00:02:20

Health: -4/29      AC:  1    Str: 21    XL:     4   Next: 21%
Magic:  4/4        EV: 13    Int: 12    God:
Gold:   107        SH:  0    Dex: 11    Spells: 3/3 levels left

rFire   . . .        l - +3 dagger
rCold   . . .        (no shield)
rNeg    . . .        (helmet currently unavailable)
rPois   .            (no amulet)
rElec   .            o - +6 ring of strength
rCorr   .            (no ring)
SInv    .            (no ring)
Will    .....        (no ring)
Stlth   +++          (no ring)
HPRegen 0.24/turn    (no ring)
MPRegen 0.09/turn    (no ring)
                     (no ring)

%: no passive effects
@: beast-form
A: beast (slay +2), almost no armour, amphibious, 8 rings, camouflage 1,
gelatinous body 1, (nimble swimmer 1), tentacles
a: Begin Untransformation


You were on level 3 of the Dungeon.
You were a hulking beast.
You visited 1 branch of the dungeon, and saw 3 of its levels.

You collected 107 gold pieces.

Inventory:

Hand Weapons
 l - a +3 dagger (weapon)
   (You took it off a kobold on level 1 of the Dungeon)
Missiles
 j - 2 curare-tipped darts
 u - 4 poisoned darts
Jewellery
 o - a +6 ring of strength (left tentacle)
   (You found it on level 2 of the Dungeon)
Talismans
 b - a beast talisman
 c - a flux talisman
Scrolls
 f - a scroll of teleportation {unknown}
 g - 5 scrolls of identify {unknown}
 i - 2 scrolls of fog {unknown}
 k - 2 scrolls of revelation {unknown}
 n - a scroll of amnesia {unknown}
 s - a scroll of enchant weapon {unknown}
 t - a scroll of noise {unknown}
Potions
 a - 2 potions of lignification {!q}
 d - 2 potions of curing {unknown}
 e - a potion of degeneration {unknown}
 h - a potion of brilliance {unknown}
 m - a potion of attraction {unknown}
 p - a potion of berserk rage {unknown}
 q - a potion of enlightenment {unknown}
 r - 2 potions of heal wounds {unknown}


   Skills:
 + Level 2.1 Fighting
 - Level 2.0 Dodging
 + Level 1.7 Stealth
 - Level 3.0 Unarmed Combat
 * Level 4.0 Shapeshifting


You had 3 spell levels left.
You didn't know any spells.
Your spell library contained the following spells:

 Spells                   Type           Power      Damage    Failure   Level
 Ozocubu's Armour         Ice            0%         N/A       69%         3
 Ozocubu's Refrigeration  Ice            0%         4d7       100%        7


Dungeon Overview and Level Annotations

Branches:
Dungeon (3/15)

Altars:

Annotations:
D:3 Ijyb


Innate Abilities, Weirdness & Mutations

You are a hulking beast.
Your limbs bulge with bestial killing power. (Slay +2)
You cannot wear most types of armour.
You are amphibious.
You can wear up to eight rings at the same time.
Your skin changes colour to match your surroundings (Stealth+).
Your rubbery body absorbs attacks. (AC +1, EV +1)
((You are camouflaged when in or above water. (Stealth+)))
You have tentacles for arms and can constrict up to eight enemies at once.


Message History

No target in view!
No target in view!
No target in view!
No target in view!
No target in view!
No target in view!
You see here a rat corpse.
A bat comes into view.
The helpless bat fails to defend itself.
You puncture the bat!
You kill the bat!
No target in view!
No target in view!
No target in view!
No target in view!
No target in view!
No target in view!
No target in view!
No target in view!
No target in view!
No target in view!
No target in view!
An adder comes into view.
The adder closely misses you.
You hit the adder. You grab the adder.
You constrict the adder, but do no damage.
The adder misses you. The adder bites you but does no damage.
You hit the adder. You constrict the adder. The adder closely misses you.
You hit the adder. You squeeze the adder.
You kill the adder!
You have reached level 4!
Health restored: 29; MP restored: 4 You now have 107 gold pieces (gained 11).
A hobgoblin comes into view.
The hobgoblin shouts!
You hit the hobgoblin. You grab the hobgoblin. You constrict the hobgoblin.
The hobgoblin closely misses you.
You hit the hobgoblin.
You kill the hobgoblin!
Your Shapeshifting skill increases to level 4!
No target in view!
No target in view!
No target in view!
No target in view!
No target in view!
No target in view!
No target in view!
No target in view!
You see here a hobgoblin corpse.
An adder comes into view.
Ijyb the Twisted Goblin comes into view.
She is wielding a +3 club and carrying a wand of charming.
You miss the adder.
The adder hisses angrily.
Your grab misses the adder.
Ijyb shouts!
The adder bites you. x2
You barely miss the adder. You grab the adder. You squeeze the adder.
You constrict the adder. The adder misses you.
You take 5 damage, and have 24/29 hp.
You hit the adder. You constrict the adder. The adder bites you.
You are poisoned.
The adder poisons you!
You take 2 damage, and have 22/29 hp.
You hit the adder.
You kill the adder!
You feel sick.
Ijyb zaps a wand.
Your will is overpowered!
You are confused.
You are too confused!
You are too confused!
You are too confused!
You take 1 damage, and have 21/29 hp.
You are too confused!
You are too confused!
You are too confused!
You are too confused!
You are too confused!
You are too confused!
You are too confused!
You are too confused!
You feel sick.
Ijyb screams, "Get away!"
You take 1 damage, and have 20/29 hp.
You bump into the rock wall.
You feel sick.
You take 1 damage, and have 19/29 hp.
You bump into the rock wall.
You feel sick.
You are no longer poisoned.
You closely miss Ijyb.
Ijyb zaps a wand.
You resist with some effort. Ijyb attacks as she pursues you!
Ijyb hits you with a +3 club.
You take 3 damage, and have 16/29 hp.
You barely miss Ijyb.
You feel less confused. Ijyb hits you with a +3 club.
You take 4 damage, and have 12/29 hp.
You hit Ijyb. Your grab misses Ijyb. You squeeze Ijyb!
Ijyb hits you with a +3 club!
* * * LOW HITPOINT WARNING * * *
You take 7 damage, and have 5/29 hp.
MASSIVE DAMAGE!!
You hit Ijyb but do no damage. You grab Ijyb.
You constrict Ijyb, but do no damage. Ijyb closely misses you.
You hit Ijyb. You constrict Ijyb. Ijyb hits you with a +3 club!
You die...

#.####.#
#..†.#)#
####.#.#
#.#.#
####.#.##
#.......# #
#.#####.# ##
.#..#####.#
#.# #.
........gh#
#.# #.
##..#####.#
#.# #.
#...####.####
##
#....<......#
#
#...#######.#
##### #.# #.#
#.# #.#


You could see Ijyb.

Vanquished Creatures
  3 adders
  2 worms (D:2)
  A dart slug (D:1)
  4 bats
  2 endoplasms
  A goblin (D:2)
  3 hobgoblins
  2 jackals (D:1)
  2 quokkas
  4 ball pythons
  3 frilled lizards (D:1)
  4 kobolds
  7 rats
38 creatures vanquished.

Notes
Turn   | Place    | Note
-------+----------+-------------------------------------------
     0 | D:1      | Whiskey the Octopode Shapeshifter began the quest for the
                  | Orb.
     0 | D:1      | Reached XP level 1. HP: 13/13 MP: 1/1
   211 | D:1      | Reached XP level 2. HP: 18/18 MP: 2/2
   715 | D:2      | Reached XP level 3. HP: 20/24 MP: 3/3
   982 | D:2      | Reached skill level 1 in Stealth
  1397 | D:3      | Reached skill level 2 in Fighting
  1499 | D:3      | Reached XP level 4. HP: 29/29 MP: 4/4
  1514 | D:3      | Reached skill level 4 in Shapeshifting
  1527 | D:3      | Noticed Ijyb
  1539 | D:3      | HP: 5/29 [Ijyb/+3 club (8)]
  1541 | D:3      | Slain by Ijyb

Illustrated notes

Levels and vault maps discovered:
D:1:      minmay_arrival_three_doors, layout_basic
D:2:      layout_rooms, serial_park_tiny_pond, dk_noncrumbling_2,
          bh_walls_and_bars
D:3:      layout_loops_ring, marbit_many_paths, uniq_grinder, uniq_ijyb,
          uniq_terence

Skill      XL: |  1  2  3  4 |
---------------+-------------+-----
Stealth        | 1 |  1.7
Fighting       | 2 |  2.1
Shapeshifting  | 4 |  4.0
Dodging        | |  2.0
Unarmed Combat | |  3.0

Action                     |  1- 3 |  4- 6 || total
---------------------------+-------+-------++-------
  Melee: Unarmed           |    26 |       ||    26
         Constrict         |    15 |     3 ||    18
         Tentacles         |    12 |     2 ||    14
         Punch             |     3 |       ||     3
         Dagger            |    35 |    11 ||    46
   Stab: Sleeping          |     5 |       ||     5
 Armour: Skin              |    19 |     7 ||    26
  Dodge: Dodged            |    35 |     3 ||    38

Table legend: (Time is in decaauts)
 A = Elapsed time spent in this place.
 B = Non-inter-level travel time spent in this place.
 C = Inter-level travel time spent in this place.
 D = Time resting spent in this place.
 E = Time spent auto-exploring this place.
 F = Levels seen in this place.
 G = Mean time per level.
                   A        B        C        D        E       F      G
               +--------+--------+--------+--------+--------+-----+--------+
         Total |   1538 |   1410 |    128 |      0 |   1175 |   3 |  512.7 |
       Dungeon |   1538 |   1410 |    128 |      0 |   1175 |   3 |  512.7 |
               +--------+--------+--------+--------+--------+-----+--------+

Top non-repeatable levels by time:
     D:2: 773 daAuts
     D:1: 593 daAuts
     D:3: 171 daAuts

Levels and vault maps discovered:
D:1:      minmay_arrival_three_doors, layout_basic
D:2:      layout_rooms, serial_park_tiny_pond, dk_noncrumbling_2,
          bh_walls_and_bars
D:3:      layout_loops_ring, marbit_many_paths, uniq_grinder, uniq_ijyb,
          uniq_terence

Table legend: (Time is in decaauts)
 A = Elapsed time spent in this place.
 B = Non-inter-level travel time spent in this place.
 C = Inter-level travel time spent in this place.
 D = Time resting spent in this place.
 E = Time spent auto-exploring this place.
 F = Levels seen in this place.
 G = Mean time per level.
                   A        B        C        D        E       F      G
               +--------+--------+--------+--------+--------+-----+--------+
         Total |   1538 |   1410 |    128 |      0 |   1175 |   3 |  512.7 |
       Dungeon |   1538 |   1410 |    128 |      0 |   1175 |   3 |  512.7 |
               +--------+--------+--------+--------+--------+-----+--------+

Top non-repeatable levels by time:
     D:2: 773 daAuts
     D:1: 593 daAuts
     D:3: 171 daAuts

Table legend:
 A = Kills in this place as a percentage of kills in the entire game.
 B = Kills by you in this place as a percentage of kills by you in the entire game.
 C = Kills by friends in this place as a percentage of kills by friends in the entire game.
 D = Other kills in this place as a percentage of other kills in the entire game.
 E = Experience gained in this place as a percentage of experience gained in the entire game.
 F = Experience gained in this place divided by the number of levels of this place that you have seen.
                   A       B       C       D       E      F
               +-------+-------+-------+-------+-------+----------------------
         Total | 100.0 | 100.0 |   N/A |   N/A | 100.0 |  33.3
       Dungeon | 100.0 | 100.0 |   N/A |   N/A | 100.0 |  33.3
               +-------+-------+-------+-------+-------+----------------------
